Workbook

Sheet START HERE INSTRUCTIONS
B1: This spreadsheet comprises of separate sections (TABS):
B2: a)The AVATARS section contains examples using ficticious persons and their personal situations and choices and how these might fit into the other sections of this spreadsheet. The idea of this is that for each person reading these instructions they might see parallels with their own situation and be able to clarify how the sheet might be completed correctly and accurately.
B3: b) The INSTRUCTIONS section - What you are reading currently.
B4: c) The FLOW - a diagramatic view of the steps
B5: d) The START FINANCIALS - The place where you enter your CURRENT starting financials. It may be that you have no investment property or you already have investment properties. The important factor is that you ONLY include finances that are directly associated to you and not Super fund assets or finances. These need to be separately treated.
B6: e) The PERFORMANCE section - Contains a table of both EQUITY and DTI results. Each pair of outcomes for both of these is assigned a rating from 1 to 9.
B7: e) The DEAL EVALUATION section
B8: f) The PLANNING FLOWCHARTS - Numbered Deal1 to Deal 12, These are where the numbers from each deal that is analysed within DEAL EVALUATION are entered and where the outcome for that deal is viewed.
A10: 1 | B10: Start Here - Refer to the FLOW for help in understanding these steps.
A11: 2 | B11: Decide whether the deal being analysed will be a JV deal or a deal done solely with your own funds and, if needed, borrowing
A12: 3 | B12: Gather all of your financials which you obtained from you Finance Strategy Review and enter them in the START FINANCIALS section. These numbers will be automatically propogated to the first deal of the planning flowcharts.
A13: 4 | B13: Look at your finances and decide on the type of deal that you can undertake within the limitations of your finanaces. Choose a strategy which fits your personal profile - time and risk wise. Your deal will have 2 possible exits SELL or HOLD. It may be that you are considering part SELL and part HOLD. In this case work the numbers on the SELL portion first then work the numbers on the remaining HOLD portion. Note that a lease/sublease is regarded as a HOLD.
A14: 5 | B14: Gather all of the numbers for your chosen deal and using the DEAL EVALUATION spreadsheet enter all of the numbers. The spreadsheet has 2 halves. The LEFT HAND side is concerned with SELLING, the right hand side is concerned with HOLDING. After completing this spreadsheet you should end up with a set of numbers for either HOLDING or SELLING. NOTE THESE NUMBERS as you will be using them in your PLANNING FLOWCHART. The DEAL EVALUATION sheet may be saved by right clicking on the deal evaluation tab then selecting Move or Copy then ticking Create a Copy and move to end. Once the copy is created then you can Rename it to Deal 1 , Deal 2, and so on.
A15: 6 | B15: Turning to the planning flowchart, select the chosen deal type (Manufactured Growth Flip, Manufactured Growth Revalue and Hold, Hold Only for Income or Sell an existing Property) and mark with an X in the first available deal in the PLANNING FLOWCHARTS.
A16: 7 | B16: Choose the duration in months for that deal type and write it down in the same deal in the PLANNING FLOWCHARTS. The Time duration will be totalled across all 12 deal entries on the Planning Flowcharts. The Total Time appears on the lower part of the spreadsheet.
A17: 8 | B17: Pay attention to the 6 sets of numbers which are generated from your completed Deal Evaluation - DEAL PASSIVE (1), DEAL PROFIT (2), DEAL LOAN DEBT (3), DEAL DRAW DOWN (4), DEAL GROSS RENT (5), DEAL EQUITY USED (6) You will be using some of these (deal dependant). Note that the SELL strategies are BLUE highlighted and the HOLD strategies are GREEN highlighted.
A18: 9 | B18: Now access the DEAL EVALUATION section and transfer the numbers applicable for the deal type into the PLANNING FLOWCHART. You will be using this sheet for EVERY deal that you will be examining. Using this sheet will provide you with results figures that you will be using for each successive deal. Note that a flip deal done using a Consultancy Trust will involve splitting the chunk into AWE and INCOME ( BLUE HIGHLIGHTED )
A19: 10 | B19: Repeat the steps 2, 3, 4, 5, 6, 7, 8, 9 for each successive deal
A20: 11 | B20: Keep an eye on 3 figures which emerge from doing each deal ( Highlighted in ORANGE) - The new AWE ,the new DTI and the new LOAN CAP. The new AWE will limit you for your next deal. Your new DTI will be used to calculate how much borrowing you will have available for your next deal. When the DTI figure reaches the maximum recommended figure(currently 6) then it will highlight in RED to signify that you will be limited in borrowing. The level of borrowing AND AWE are what you will be working with for your next deal. The question that you need to be asking yourself is "CAN I CONTINUE MY INVESTING JOURNEY USING THESE LEVELS OF AWE AND LEVEL OF BORROWING. If the answer is YES then continue. If the answer is NO then we must take an appropriate action to enable us to be able to continue our investing journey. What that action needs to be can be a) Ammend the EXIT strategy for the deal in play. b) You look to sell down an existing property to restore the balance of AWE and loan serviceability. Take a look at the EQUITY and DTI ratings. Read the EQUITY rating and note the range of numbers. Then read the DTI rating and note the range of numbers. Select the number which is common to both. This is the overall rating. The higher the number the stronger the deal.

Sheet Avatars
A1: Jenny
A2: • Single mum with 2 kids
A3: • No investment properties
A4: • No PPR
A5: • Gross PAYG income $65k PA
A6: • Money(cash) in a bank account $55k
A8: Jenny has her finance review. Here are her figures:
A9: • AWE. $55k
A10: • Rental Income $0
A11: • Passive Income $0
A12: • Other Income $65k
A13: • Total income is calculated by the spreadsheet
... A65: • His DTI is calculated by the spreadsheet

Sheet Flow

Sheet Start Financials
B1: START FINANCIALS (STEP 1)
B4: a | C4: AWE | D4: 94000 | F4: a) | G4: Enter your starting(current) AWE figure from your finance strategy review done with WIZDOM here.
B5: b | C5: Rental Income | D5: 68000 | F5: b) | G5: Enter here any current annual rental Income(note pre tax)
B6: c | C6: Passive Income | D6: -13000 | F6: c) | G6: Add up all of your PASSIVE Income that you are currently receiving and enter the figure here. If its negative then include the minus sign(Income from Rental Properties that you are presently receiving)
B7: d | C7: Other Inc | D7: 160000 | F7: d) | G7: Enter any other income that you receive from wages shares, pensions, etc here ( note pre tax)
B8: e | C8: TOTAL INCOME | D8: =D7+D5 -> 228000 | F8: e) | G8: THIS SECTION AUTOMATICALLY TOTALS UP ALL OF YOUR GROSS INCOME(Excludes Passive Income)
B9: f | C9: Loan Debt | D9: 910000 | F9: f) | G9: Add up all of your loans such as mortgages, lines of credit, redraws, credit card limits, car loans etc and enter the figure here.
B10: g | C10: Calculated DTI | D10: =D9/D8 -> 3.9912281 | F10: g) | G10: THIS SECTION WORKS OUT YOUR CURRENT DEBT TO INCOME RATIO
B11: h | C11: Max DTI | D11: 6 | F11: h) | G11: Enter the recommended DTI figure used for maximum
B12: j | C12: Start Max Borrowing Based on Calculated DTI | D12: =(D11-D10)*D8 -> 458000 | F12: j) | G12: THIS SECTION AUTOMATICALLY WORKS OUT YOUR BORROWING CAPACITY ON STARTING
B15: Enter your Finance Strategy Figures in the Yellow Boxes

Sheet Performance
C1: EQUITY | G1: DEBT TO INCOME RATIO
C2: LOWER | D2: SAME | E2: HIGHER | G2: LOWER | H2: SAME | I2: HIGHER
A4: CATEGORY
A5: 1 | C5: X | I5: X
A6: 2 | C6: X | H6: X
A7: 3 | C7: X | G7: X
A8: 4 | D8: X | I8: X
A9: 5 | D9: X | H9: X
A10: 6 | D10: X | G10: X
A11: 7 | E11: X | I11: X
A12: 8 | E12: X | H12: X
A13: 9 | E13: X | G13: X

Sheet Deal Evaluation
A1: Evaluate Your Deal V120222
A2: © 2022 Michael & Sara Franks
B5: EQUITY | H5: INCOME
B7: STARTING AVAILABLE WORKING EQUITY | D7: 94000 | H7: VALUE AFTER STRATEGY | J7: =D43 -> 702000
B9: BUY PRICE or PROPERTY VALUE (OWNER JV) | D9: 500000 | H9: WEEKLY RENT | J9: 670
B11: DEPOSIT (CASH) | D11: 0 | H11: VACANCY % | J11: 0
B13: DEPOSIT BORROWED(LOC) | D13: 0 | H13: EXPENSES AS A % OF ANNUAL RENT | J13: =IF(J17=0,0,(J29/J17)) -> 0.23536165
B15: BANK LOAN | D15: 0 | H15: TOTAL BORROWINGS | J15: =(D13+D15+D21+D29) -> 0
B17: LOAN INTEREST RATE | D17: 0.039 | H17: DEAL GR RENT (5) | J17: =(J9*52)*(1-J11) -> 34840
B19: STAMP DUTY & LEGALS (CASH) | D19: 0
B21: STAMP DUTY & LEGALS BORROWED(LOC) | D21: 0
B23: STRATEGY DURATION (WEEKS) | D23: 12
B25: HOLDING COST(Use when not leasing) | D25: =((D13+D15+D21+D29)*D17)*(D23/52) -> 0
B27: STRATEGY COST(CASH) | D27: 45000 | H27: ANNUAL GROSS RENTAL YIELD | J27: =IF(J7=0,0,J17/J7) -> 0.04962963
B29: STRATEGY COST BORROWED(LOC) | D29: 0 | H29: EXPENSES IN DOLLARS PER YEAR | J29: 8200
B31: EQUITY USED | D31: =D11+D13+D19+D21+D27+D25+D29 -> 45000 | H31: ANNUAL NET RENTAL INCOME | J31: =J17-J29 -> 26640
B33: REMAINING AVAIL WORKING EQUITY | D33: =D7-D31 -> 49000 | H33: ANNUAL NET RENTAL YIELD | J33: =IF(J7=0,0,J31/J7) -> 0.037948718
B35: COST BASE | D35: =D9+D19+D21+D27+D29+D25 -> 545000 | H35: LOAN INTEREST RATE | J35: =D17 -> 0.039
B37: EQUITY GROWTH | D37: =D43-D35 -> 157000 | H37: ANNUAL INTEREST PAYABLE | J37: =J15*J35 -> 0
B41: SELL | H41: HOLD
B43: GROSS SELLING VALUE | D43: 702000 | H43: DEAL PASSIVE (1) | J43: =J31-J37 -> 26640
B45: SELLING AGENT FEES % | D45: 0.025
B47: SELLING COST | D47: =D43*D45 -> 17550
B49: LEGAL FEES COST | D49: 1700
H50: DEAL DRAWDOWN(4) | J50: =(D43*0.8)-D15 -> 561600
B51: NET SALES COST BASE | D51: =D43-D47-D49 -> 682750
B55: DEAL PROFIT (NON JV) (2) | D55: =D51-D35 -> 137750
B59: TAX PAYABLE @ 30% | D59: =D55*0.3 -> 41325
B61: NET PROFIT | D61: =D55-D59 -> 96425
H62: DEAL DEBT (3) | J62: =D15 -> 0
B63: TOTAL RETURNED (Equity Used + Profit) | D63: =D61+D31 -> 141425
B67: YEARS OWNED | D67: 1
B71: OWNER JOINT VENTURE % SPLIT | D71: 0.5
B73: DEAL PROFIT ( PER JV PARTNER)(2) | D73: =D55*D71 -> 68875 | H73: EQUITY USED(6) | J73: =D31 -> 45000
A78: Note that this is a simple calculator and GST calculations are NOT included . ##ALWAYS check your loan serviceability with a qualified professional | G78: COMPLETE THE YELLOW BOXES
B81: Transfer the deal figures marked with the Red Arrows to your planning Flowchart. Use this Sheet to evaluate every one of your deals

Sheet Planning Flowchart 1 
A1: PLANNING FLOWCHART 1
C3: Deal 1 | F3: Deal 2 | I3: Deal 3 | L3: Deal 4
C4: Man Gr Flip SELL | D4: x | F4: Man Gr Flip SELL | I4: Man Gr Flip SELL | L4: Man Gr Flip SELL
C5: Man Gr Reval HOLD | F5: Man Gr Reval HOLD | I5: Man Gr Reval HOLD | L5: Man Gr Reval HOLD
C6: Income HOLD | F6: Income HOLD | I6: Income HOLD | L6: Income HOLD
C7: Sell Existing SELL | F7: Sell Existing SELL | I7: Sell Existing SELL | L7: Sell Existing SELL
C8: Time Months | D8: 3 | F8: Time Months | G8: 0 | I8: Time Months | J8: 0 | L8: Time Months | M8: 0
C10: B/F AWE | D10: ='Start Financials'!D4 -> 94000 | F10: B/F AWE | G10: =D24 -> 169000 | I10: B/F AWE | J10: =G24 -> 169000 | L10: B/F AWE | M10: =J24 -> 169000
C11: B/F RENTAL INC | D11: ='Start Financials'!D5 -> 68000 | F11: B/F RENTAL INC | G11: =D25 -> 68000 | I11: B/F RENTAL INC | J11: =G25 -> 68000 | L11: B/F RENTAL INC | M11: =J25 -> 68000
C12: B/F Passive Inc | D12: ='Start Financials'!D6 -> -13000 | F12: B/F Passive Inc | G12: =D26 -> -13000 | I12: B/F Passive Inc | J12: =G26 -> -13000 | L12: B/F Passive Inc | M12: =J26 -> -13000
C13: B/F TOT INCOME | D13: ='Start Financials'!D8 -> 228000 | F13: B/F INCOME | G13: =D27 -> 228000 | I13: B/F INCOME | J13: =G27 -> 228000 | L13: B/F INCOME | M13: =J27 -> 228000
C14: B/F DEBT | D14: ='Start Financials'!D9 -> 910000 | F14: B/F DEBT | G14: =D28 -> 910000 | I14: B/F DEBT | J14: =G28 -> 910000 | L14: B/F DEBT | M14: =J28 -> 910000
C16: Deal Passive(Hold) | D16: 0 | F16: Deal Passive(Hold) | I16: Deal Passive(Hold) | L16: Deal Passive(Hold) | M16: 0
C17: Deal PROFIT AWE(Sell) | D17: 75000 | F17: Deal PROFIT AWE(Sell) | I17: Deal PROFIT AWE(Sell) | L17: Deal PROFIT AWE(Sell)
C18: Deal Consultancy INC | D18: 0 | F18: Deal Consultancy INC | I18: Deal Consultancy INC | L18: Deal Consultancy INC
C19: Deal Loan DEBT(Hold) | D19: 0 | F19: Deal Loan DEBT(Hold) | I19: Deal Loan DEBT(Hold) | L19: Deal Loan DEBT(Hold)
C20: Deal Draw Down(Hold) | D20: 0 | F20: Deal Draw Down(Hold) | I20: Deal Draw Down(Hold) | L20: Deal Draw Down(Hold)
C21: Deal Gross Rent(Hold) | D21: 0 | F21: Deal Gross Rent(Hold) | I21: Deal Gross Rent(Hold) | L21: Deal Gross Rent(Hold)
C22: Deal Equity Used(Hold) | D22: 0 | F22: Deal Equity Used(Hold) | I22: Deal Equity Used(Hold) | L22: Deal Equity Used(Hold)
C24: NEW AWE | D24: =+D10+D17+D20-D22 -> 169000 | F24: NEW AWE | G24: =+G10+G17+G20-G22 -> 169000 | I24: NEW AWE | J24: =+J10+J17+J20-J22 -> 169000 | L24: NEW AWE | M24: =+M10+M17+M20-M22 -> 169000
C25: NEW RENTAL INC | D25: =D11+D21 -> 68000 | F25: NEW RENTAL INC | G25: =G11+G21 -> 68000 | I25: NEW RENTAL INC | J25: =J11+J21 -> 68000 | L25: NEW RENTAL INC | M25: =M11+M21 -> 68000
C26: NEW PASSIVE INC | D26: =D12+D16 -> -13000 | F26: NEW PASSIVE INC | G26: =G12+G16 -> -13000 | I26: NEW PASSIVE INC | J26: =J12+J16 -> -13000 | L26: NEW PASSIVE INC | M26: =M12+M16 -> -13000
C27: NEW TOT INC | D27: =D13+D18+D21 -> 228000 | F27: NEW TOT INC | G27: =G13+G18+G21 -> 228000 | I27: NEW TOT INC | J27: =J13+J18+J21 -> 228000 | L27: NEW TOT INC | M27: =M13+M18+M21 -> 228000
C28: NEW TOTAL DEBT | D28: =D14+D19+D20 -> 910000 | F28: NEW TOTAL DEBT | G28: =G14+G19+G20 -> 910000 | I28: NEW TOTAL DEBT | J28: =J14+J19+J20 -> 910000 | L28: NEW TOTAL DEBT | M28: =M14+M19+M20 -> 910000
C29: NEW DTI | D29: =D28/D27 -> 3.9912281 | F29: NEW DTI | G29: =G28/G27 -> 3.9912281 | I29: NEW DTI | J29: =J28/J27 -> 3.9912281 | L29: NEW DTI | M29: =M28/M27 -> 3.9912281
C30: NEW LOAN CAP | D30: =('Start Financials'!$D$11-'Planning Flowchart 1 '!D29)*'Planning Flowchart 1 '!D27 -> 458000 | F30: NEW LOAN CAP | G30: =('Start Financials'!$D$11-'Planning Flowchart 1 '!G29)*'Planning Flowchart 1 '!G27 -> 458000 | I30: NEW LOAN CAP | J30: =('Start Financials'!$D$11-'Planning Flowchart 1 '!J29)*'Planning Flowchart 1 '!J27 -> 458000 | L30: NEW LOAN CAP | M30: =('Start Financials'!$D$11-'Planning Flowchart 1 '!M29)*'Planning Flowchart 1 '!M27 -> 458000 | R30: `
C32: EQUITY RATING | D32: =IF(D24>D10,"7 to 9",IF(D24=D10,"4 to 6","1 to 3")) -> 7 to 9 | F32: EQUITY RATING | G32: =IF(G24>G10,"7 to 9",IF(G24=G10,"4 to 6","1 to 3")) -> 4 to 6 | I32: EQUITY RATING | J32: =IF(J24>J10,"7 to 9",IF(J24=J10,"4 to 6","1 to 3")) -> 4 to 6 | L32: EQUITY RATING | M32: =IF(M24>M10,"7 to 9",IF(M24=M10,"4 to 6","1 to 3")) -> 4 to 6
C33: DTI RATING | D33: =IF(D29='Start Financials'!D10,"2 or 5 or 8",IF(D29<'Start Financials'!D10,"3 or 6 or 9","1 or 4 or 7")) -> 2 or 5 or 8 | F33: DTI RATING | G33: =IF(G29=D29, "2 or 5 or 8",IF(D29<D29,"3 or 6 or 9","1 or 4 or 7")) -> 2 or 5 or 8 | I33: DTI RATING | J33: =IF(J29=G29, "2 or 5 or 8",IF(G29<G29,"3 or 6 or 9","1 or 4 or 7")) -> 2 or 5 or 8 | L33: DTI RATING | M33: =IF(M29=J29, "2 or 5 or 8",IF(J29<J29,"3 or 6 or 9","1 or 4 or 7")) -> 2 or 5 or 8
B36: Complete all YELLOW boxes | J36: Time Months Used Total | M36: =SUM(D8,G8,J8,M8) -> 3

Sheet Planning Flowchart 2
A1: PLANNING FLOWCHART 2
C3: Deal 5 | F3: Deal 6 | I3: Deal 7 | L3: Deal 8
C4: Man Gr Flip SELL | F4: Man Gr Flip SELL | I4: Man Gr Flip SELL | L4: Man Gr Flip SELL
C5: Man Gr Reval HOLD | F5: Man Gr Reval HOLD | I5: Man Gr Reval HOLD | L5: Man Gr Reval HOLD
C6: Income HOLD | F6: Income HOLD | I6: Income HOLD | L6: Income HOLD
C7: Sell Existing SELL | F7: Sell Existing SELL | I7: Sell Existing SELL | L7: Sell Existing SELL
C8: Time Months | D8: 0 | F8: Time Months | G8: 0 | I8: Time Months | J8: 0 | L8: Time Months | M8: 0
C10: B/F AWE | D10: ='Planning Flowchart 1 '!M24 -> 169000 | F10: B/F AWE | G10: =D24 -> 169000 | I10: B/F AWE | J10: =G24 -> 169000 | L10: B/F AWE | M10: =J24 -> 169000
C11: B/F RENTAL INC | D11: ='Planning Flowchart 1 '!M25 -> 68000 | F11: B/F RENTAL INC | G11: =D25 -> 68000 | I11: B/F RENTAL INC | J11: =G25 -> 68000 | L11: B/F RENTAL INC | M11: =J25 -> 68000
C12: B/F Passive Inc | D12: ='Planning Flowchart 1 '!M26 -> -13000 | F12: B/F Passive Inc | G12: =D26 -> -13000 | I12: B/F Passive Inc | J12: =G26 -> -13000 | L12: B/F Passive Inc | M12: =J26 -> -13000
C13: B/F TOT INCOME | D13: ='Planning Flowchart 1 '!M27 -> 228000 | F13: B/F INCOME | G13: =D27 -> 228000 | I13: B/F INCOME | J13: =G27 -> 228000 | L13: B/F INCOME | M13: =J27 -> 228000
C14: B/F DEBT | D14: ='Planning Flowchart 1 '!M28 -> 910000 | F14: B/F DEBT | G14: =D28 -> 910000 | I14: B/F DEBT | J14: =G28 -> 910000 | L14: B/F DEBT | M14: =J28 -> 910000
C16: Deal Passive(Hold) | D16: 0 | F16: Deal Passive(Hold) | G16: 0 | I16: Deal Passive(Hold) | J16: 0 | L16: Deal Passive(Hold) | M16: 0
C17: Deal PROFIT AWE(Sell) | F17: Deal PROFIT AWE(Sell) | I17: Deal PROFIT AWE(Sell) | L17: Deal PROFIT AWE(Sell)
C18: Deal Consultancy INC | F18: Deal Consultancy INC | I18: Deal Consultancy INC | L18: Deal Consultancy INC
C19: Deal Loan DEBT(Hold) | F19: Deal Loan DEBT(Hold) | I19: Deal Loan DEBT(Hold) | L19: Deal Loan DEBT(Hold)
C20: Deal Draw Down(Hold) | F20: Deal Draw Down(Hold) | I20: Deal Draw Down(Hold) | L20: Deal Draw Down(Hold)
C21: Deal Gross Rent(Hold) | F21: Deal Gross Rent(Hold) | I21: Deal Gross Rent(Hold) | L21: Deal Gross Rent(Hold)
C22: Deal Equity Used(Hold) | F22: Deal Equity Used(Hold) | I22: Deal Equity Used(Hold) | L22: Deal Equity Used(Hold)
C24: NEW AWE | D24: =+D10+D17+D20-D22 -> 169000 | F24: NEW AWE | G24: =+G10+G17+G20-G22 -> 169000 | I24: NEW AWE | J24: =+J10+J17+J20-J22 -> 169000 | L24: NEW AWE | M24: =+M10+M17+M20-M22 -> 169000
C25: NEW RENTAL INC | D25: =D11+D21 -> 68000 | F25: NEW RENTAL INC | G25: =G11+G21 -> 68000 | I25: NEW RENTAL INC | J25: =J11+J21 -> 68000 | L25: NEW RENTAL INC | M25: =M11+M21 -> 68000
C26: NEW PASSIVE INC | D26: =D12+D16 -> -13000 | F26: NEW PASSIVE INC | G26: =G12+G16 -> -13000 | I26: NEW PASSIVE INC | J26: =J12+J16 -> -13000 | L26: NEW PASSIVE INC | M26: =M12+M16 -> -13000
C27: NEW TOT INC | D27: =D13+D18+D21 -> 228000 | F27: NEW TOT INC | G27: =G13+G18+G21 -> 228000 | I27: NEW TOT INC | J27: =J13+J18+J21 -> 228000 | L27: NEW TOT INC | M27: =M13+M18+M21 -> 228000
C28: NEW TOTAL DEBT | D28: =D14+D19 +D20 -> 910000 | F28: NEW TOTAL DEBT | G28: =G14+G19 +G20 -> 910000 | I28: NEW TOTAL DEBT | J28: =J14+J19 +J20 -> 910000 | L28: NEW TOTAL DEBT | M28: =M14+M19 +M20 -> 910000
C29: NEW DTI | D29: =D28/D27 -> 3.9912281 | F29: NEW DTI | G29: =G28/G27 -> 3.9912281 | I29: NEW DTI | J29: =J28/J27 -> 3.9912281 | L29: NEW DTI | M29: =M28/M27 -> 3.9912281
C30: NEW LOAN CAP | D30: =('Start Financials'!$D$11-'Planning Flowchart 1 '!D29)*'Planning Flowchart 1 '!D27 -> 458000 | F30: NEW LOAN CAP | G30: =('Start Financials'!$D$11-'Planning Flowchart 1 '!G29)*'Planning Flowchart 1 '!G27 -> 458000 | I30: NEW LOAN CAP | J30: =('Start Financials'!$D$11-'Planning Flowchart 1 '!J29)*'Planning Flowchart 1 '!J27 -> 458000 | L30: NEW LOAN CAP | M30: =('Start Financials'!$D$11-'Planning Flowchart 1 '!M29)*'Planning Flowchart 1 '!M27 -> 458000 | R30: `
C32: EQUITY RATING | D32: =IF(D24>D10,"7 to 9",IF(D24=D10,"4 to 6","1 to 3")) -> 4 to 6 | F32: EQUITY RATING | G32: =IF(D24>D10,"7 to 9",IF(D24=D10,"4 to 6","1 to 3")) -> 4 to 6 | I32: EQUITY RATING | J32: =IF(D24>D10,"7 to 9",IF(D24=D10,"4 to 6","1 to 3")) -> 4 to 6 | L32: EQUITY RATING | M32: =IF(D24>D10,"7 to 9",IF(D24=D10,"4 to 6","1 to 3")) -> 4 to 6
C33: DTI RATING | D33: =IF(D29='Planning Flowchart 1 '!M29,"2 or 5 or 8",IF(D29<'Start Financials'!D10,"3 or 6 or 9","1 or 4 or 7")) -> 2 or 5 or 8 | F33: DTI RATING | G33: =IF(G29=D29, "2 or 5 or 8",IF(D29<D29,"3 or 6 or 9","1 or 4 or 7")) -> 2 or 5 or 8 | I33: DTI RATING | J33: =IF(G29=D29, "2 or 5 or 8",IF(D29<D29,"3 or 6 or 9","1 or 4 or 7")) -> 2 or 5 or 8 | L33: DTI RATING | M33: =IF(G29=D29, "2 or 5 or 8",IF(D29<D29,"3 or 6 or 9","1 or 4 or 7")) -> 2 or 5 or 8
B36: Complete all YELLOW boxes | J36: Time Months Used Total | M36: =SUM(D8,G8,J8,M8,'Planning Flowchart 1 '!M36:N39) -> 3

Sheet Planning Flowchart 3
A1: PLANNING FLOWCHART 3
C3: Deal 9 | F3: Deal 10 | I3: Deal 11 | L3: Deal 12
C4: Man Gr Flip SELL | F4: Man Gr Flip SELL | I4: Man Gr Flip SELL | L4: Man Gr Flip SELL
C5: Man Gr Reval HOLD | F5: Man Gr Reval HOLD | I5: Man Gr Reval HOLD | L5: Man Gr Reval HOLD
C6: Income HOLD | F6: Income HOLD | I6: Income HOLD | L6: Income HOLD
C7: Sell Existing SELL | F7: Sell Existing SELL | I7: Sell Existing SELL | L7: Sell Existing SELL
C8: Time Months | D8: 0 | F8: Time Months | G8: 0 | I8: Time Months | J8: 0 | L8: Time Months | M8: 0
C10: B/F AWE | D10: ='Planning Flowchart 2'!M24 -> 169000 | F10: B/F AWE | G10: =D24 -> 169000 | I10: B/F AWE | J10: =G24 -> 169000 | L10: B/F AWE | M10: =J24 -> 169000
C11: B/F RENTAL INC | D11: ='Planning Flowchart 2'!M25 -> 68000 | F11: B/F RENTAL INC | G11: =D25 -> 68000 | I11: B/F RENTAL INC | J11: =G25 -> 68000 | L11: B/F RENTAL INC | M11: =J25 -> 68000
C12: B/F Passive Inc | D12: ='Planning Flowchart 2'!M26 -> -13000 | F12: B/F Passive Inc | G12: =D26 -> -13000 | I12: B/F Passive Inc | J12: =G26 -> -13000 | L12: B/F Passive Inc | M12: =J26 -> -13000
C13: B/F TOT INCOME | D13: ='Planning Flowchart 2'!M27 -> 228000 | F13: B/F INCOME | G13: =D27 -> 228000 | I13: B/F INCOME | J13: =G27 -> 228000 | L13: B/F INCOME | M13: =J27 -> 228000
C14: B/F DEBT | D14: ='Planning Flowchart 2'!M28 -> 910000 | F14: B/F DEBT | G14: =D28 -> 910000 | I14: B/F DEBT | J14: =G28 -> 910000 | L14: B/F DEBT | M14: =J28 -> 910000
C16: Deal Passive(Hold) | D16: 0 | F16: Deal Passive(Hold) | G16: 0 | I16: Deal Passive(Hold) | J16: 0 | L16: Deal Passive(Hold) | M16: 0
C17: Deal PROFIT AWE(Sell) | F17: Deal PROFIT AWE(Sell) | I17: Deal PROFIT AWE(Sell) | L17: Deal PROFIT AWE(Sell)
C18: Deal Consultancy INC | F18: Deal Consultancy INC | I18: Deal Consultancy INC | L18: Deal Consultancy INC
C19: Deal Loan DEBT(Hold) | F19: Deal Loan DEBT(Hold) | I19: Deal Loan DEBT(Hold) | L19: Deal Loan DEBT(Hold)
C20: Deal Draw Down(Hold) | F20: Deal Draw Down(Hold) | I20: Deal Draw Down(Hold) | L20: Deal Draw Down(Hold)
C21: Deal Gross Rent(Hold) | F21: Deal Gross Rent(Hold) | I21: Deal Gross Rent(Hold) | L21: Deal Gross Rent(Hold)
C22: Deal Equity Used(Hold) | F22: Deal Equity Used(Hold) | I22: Deal Equity Used(Hold) | L22: Deal Equity Used(Hold)
C24: NEW AWE | D24: =+D10+D17+D20-D22 -> 169000 | F24: NEW AWE | G24: =+G10+G17+G20-G22 -> 169000 | I24: NEW AWE | J24: =+J10+J17+J20-J22 -> 169000 | L24: NEW AWE | M24: =+M10+M17+M20-M22 -> 169000
C25: NEW RENTAL INC | D25: =D11+D21 -> 68000 | F25: NEW RENTAL INC | G25: =G11+G21 -> 68000 | I25: NEW RENTAL INC | J25: =J11+J21 -> 68000 | L25: NEW RENTAL INC | M25: =M11+M21 -> 68000
C26: NEW PASSIVE INC | D26: =D12+D16 -> -13000 | F26: NEW PASSIVE INC | G26: =G12+G16 -> -13000 | I26: NEW PASSIVE INC | J26: =J12+J16 -> -13000 | L26: NEW PASSIVE INC | M26: =M12+M16 -> -13000
C27: NEW TOT INC | D27: =D13+D18+D21 -> 228000 | F27: NEW TOT INC | G27: =G13+G18+G21 -> 228000 | I27: NEW TOT INC | J27: =J13+J18+J21 -> 228000 | L27: NEW TOT INC | M27: =M13+M18+M21 -> 228000
C28: NEW TOTAL DEBT | D28: =D14+D19+D20 -> 910000 | F28: NEW TOTAL DEBT | G28: =G14+G19+G20 -> 910000 | I28: NEW TOTAL DEBT | J28: =J14+J19+J20 -> 910000 | L28: NEW TOTAL DEBT | M28: =M14+M19+M20 -> 910000
C29: NEW DTI | D29: =D28/D27 -> 3.9912281 | F29: NEW DTI | G29: =G28/G27 -> 3.9912281 | I29: NEW DTI | J29: =J28/J27 -> 3.9912281 | L29: NEW DTI | M29: =M28/M27 -> 3.9912281
C30: NEW LOAN CAP | D30: =('Start Financials'!$D$11-'Planning Flowchart 1 '!D29)*'Planning Flowchart 1 '!D27 -> 458000 | F30: NEW LOAN CAP | G30: =('Start Financials'!$D$11-'Planning Flowchart 1 '!G29)*'Planning Flowchart 1 '!G27 -> 458000 | I30: NEW LOAN CAP | J30: =('Start Financials'!$D$11-'Planning Flowchart 1 '!J29)*'Planning Flowchart 1 '!J27 -> 458000 | L30: NEW LOAN CAP | M30: =('Start Financials'!$D$11-'Planning Flowchart 1 '!M29)*'Planning Flowchart 1 '!M27 -> 458000 | Q30: `
C32: EQUITY RATING | D32: =IF(D24>D10,"7 to 9",IF(D24=D10,"4 to 6","1 to 3")) -> 4 to 6 | F32: EQUITY RATING | G32: =IF(D24>D10,"7 to 9",IF(D24=D10,"4 to 6","1 to 3")) -> 4 to 6 | I32: EQUITY RATING | J32: =IF(D24>D10,"7 to 9",IF(D24=D10,"4 to 6","1 to 3")) -> 4 to 6 | L32: EQUITY RATING | M32: =IF(D24>D10,"7 to 9",IF(D24=D10,"4 to 6","1 to 3")) -> 4 to 6
C33: DTI RATING | D33: =IF(D29='Planning Flowchart 2'!M29,"2 or 5 or 8",IF(D29<'Start Financials'!D10,"3 or 6 or 9","1 or 4 or 7")) -> 2 or 5 or 8 | F33: DTI RATING | G33: =IF(G29=D29, "2 or 5 or 8",IF(D29<D29,"3 or 6 or 9","1 or 4 or 7")) -> 2 or 5 or 8 | I33: DTI RATING | J33: =IF(G29=D29, "2 or 5 or 8",IF(D29<D29,"3 or 6 or 9","1 or 4 or 7")) -> 2 or 5 or 8 | L33: DTI RATING | M33: =IF(G29=D29, "2 or 5 or 8",IF(D29<D29,"3 or 6 or 9","1 or 4 or 7")) -> 2 or 5 or 8
B36: Complete all YELLOW boxes | J36: Time Months Used Total | M36: =SUM(D8,G8,J8,M8,'Planning Flowchart 2'!M36:N39) -> 3
